 Dungeon Crawl Stone Soup version 0.32-a0-616-g9348d4545b (webtiles) character file.

Game seed: 15297952754888375573

99 ezpacito the Chopper (level 4, -3/35 HPs)
             Began as a Coglin Chaos Knight on Mar 5, 2024.
             Was a Plaything of Xom.
             Slain by a gnoll
             ... wielding a +0 flail
              (5 damage)
             ... on level 3 of the Dungeon.
             The game lasted 00:03:59 (1776 turns).

ezpacito the Chopper (Coglin Chaos Knight)          Turns: 1776, Time: 00:03:59

Health: -3/35      AC:  5    Str: 13 (15) XL:     4   Next: 72%
Magic:  5/5        EV: 11    Int:  8 (11) God:    Xom [..*...]
Gold:   76         SH:  0    Dex: 10 (13) Spells: 4/4 levels left

rFire   . . .        a - +0 hand axe (chaos) {Agathoclea}
rCold   . . .        l - +5 dagger {Mishil}
rNeg    . . .        b - +2 leather armour
rPois   .            (no helmet)
rElec   .            j - scarf {shadows}
rCorr   .            (no gloves)
SInv    .            (no boots)
Will    .....        (amulet unavailable)
Stlth   +            (ring unavailable)
HPRegen 0.25/turn    (ring unavailable)
MPRegen 0.09/turn    (no gizmo)

%: no passive effects
@: invisible, revving
A: off-hand wielding, slow wielding, warmup strikes, no jewellery
a: Invent Gizmo, Renounce Religion


You were on level 3 of the Dungeon.
You worshipped Xom.
You were a toy of Xom.
You visited 1 branch of the dungeon, and saw 4 of its levels.

You collected 76 gold pieces.

Inventory:

Hand Weapons
 a - a +0 hand axe of chaos (weapon) {Agathoclea}
 f - a +0 heavy hand axe
 l - a +5 dagger (offhand) {Mishil}
Armour
 b - a +2 leather armour (worn)
 h - a +0 plate armour
 j - a scarf of shadows (worn)
Scrolls
 e - a scroll of amnesia
 m - a scroll of enchant armour
 t - 2 scrolls of teleportation
Potions
 c - a potion of enlightenment {unknown}
 d - 2 potions of attraction
 k - 2 potions of mutation {unknown}
 n - a potion of degeneration


   Skills:
 * Level 3.5 Fighting
 * Level 3.7(3.8) Axes
 + Level 0.8(2.2) Polearms
 * Level 2.3 Armour
 * Level 1.6 Dodging
 + Level 0.4 Stealth
 + Level 0.7 Spellcasting


You had 4 spell levels left.
You didn't know any spells.
Your spell library contained the following spells:

 Spells                   Type           Power      Damage    Failure   Level
 Tukima's Dance           Hex            0%         N/A       83%         3
 Passage of Golubria      Tloc           0%         N/A       99%         4
 Yara's Violent Unravell  Hex/Alch       0%         3d3       100%        5


Dungeon Overview and Level Annotations

Branches:
Dungeon (4/15)
 Temple: D:4-7

Altars:
Hepliaklqana

Annotations:
D:4 1 transporter


Innate Abilities, Weirdness & Mutations

You can wield a second weapon in your off-hand.
It takes a long time for you to wield or remove held weapons.
Your first few attacks do less damage.
You cannot equip rings or amulets.


Message History

You hit the gnoll with your +5 dagger.
The gnoll is severely wounded.
You hit the gnoll with your +0 hand axe of chaos.
The gnoll convulses.
The gnoll hits you from afar with a +0 spear.
The gnoll closely misses you. The gnoll hits you with a +0 whip.
You take 7 damage, and have 28/35 hp.
You hit the gnoll with your +0 hand axe of chaos.
You burn the gnoll.
You kill the gnoll!
The gnoll closely misses you. The gnoll hits you but does no damage.
The gnoll hits you with a +0 flail! The gnoll hits you with a +0 spear!
The gnoll hits you with a +0 spear.
* * * LOW HITPOINT WARNING * * *
You take 19 damage, and have 9/35 hp.
MASSIVE DAMAGE!!
You are too injured to fight recklessly!
You are too injured to fight recklessly!
You are too injured to fight recklessly!
You are too injured to fight recklessly!
Okay, then.
You hit the gnoll with your +5 dagger.
The gnoll is moderately wounded.
You closely miss the gnoll with your +0 hand axe of chaos.
You barely miss the gnoll with your +0 hand axe of chaos.
You hit the gnoll with your +0 hand axe of chaos.
You feel better. The gnoll hits you with a +0 spear.
* * * LOW HITPOINT WARNING * * *
The gnoll barely misses you. The gnoll closely misses you.
You take 3 damage, and have 6/35 hp.
You fade into invisibility!
The gnoll completely misses you. The gnoll hits you with a +0 spear.
* * * LOW HITPOINT WARNING * * *
The gnoll closely misses you.
You take 4 damage, and have 2/35 hp.
It was a potion of degeneration.
There was something very wrong with that liquid.
You feel weakened.
You feel dopey.
You feel clumsy.
Xom thinks this is hilarious!
The gnoll hits you but does no damage. The gnoll hits you with a +0 flail.
You die...

#.## ... ##.# .# #
###[..#.## ###
........+ #..
#......# ###
#.....## ∆∆ #
#.ggg..# #.)@..#
### #.....# #'#
###.### #.# #.#
#.########
#.#######.........
#......#...#######
######............
#.#...#.#...†
#.##..#.#.##.


You could see 3 gnolls.

Vanquished Creatures
  2 adders (D:3)
  A gnoll (D:3)
  3 dart slugs
  An orc (D:4)
  3 bats
  3 endoplasms
  4 giant cockroaches
  5 goblins
  5 hobgoblins
  9 jackals
  5 quokkas
  6 ball pythons
  2 frilled lizards
  6 kobolds
  4 rats
59 creatures vanquished.

Notes
Turn   | Place    | Note
-------+----------+-------------------------------------------
     0 | D:1      | ezpacito the Coglin Chaos Knight began the quest for the
                  | Orb.
     0 | D:1      | Reached XP level 1. HP: 18/18 MP: 1/1
     0 | D:1      | Upgraded the game from 0.32-a0-612-g1c984fe9d1 to
                  | 0.32-a0-616-g9348d4545b
    65 | D:1      | Reached skill level 1 in Dodging
   147 | D:1      | Reached XP level 2. HP: 24/24 MP: 2/2
   147 | D:1      | XOM: divination: detect items
   172 | D:1      | XOM: silly message
   510 | D:1      | XOM: silly message
   529 | D:1      | XOM: potion effect (invisibility)
   573 | D:1      | Reached XP level 3. HP: 29/29 MP: 3/3
   944 | D:2      | XOM: divination: detect items
  1028 | D:2      | Found a faded altar of an unknown god.
  1071 | D:2      | Found a hazy altar of Hepliaklqana.
  1080 | D:2      | Reached XP level 4. HP: 26/35 MP: 4/4
  1491 | D:3      | You fall into a shaft and drop 1 floor!
  1496 | D:4      | Noticed a phantom
  1498 | D:4      | Noticed an ogre
  1588 | D:4      | Found a transporter.
  1769 | D:3      | XOM: divination: detect items
  1776 | D:3      | Slain by a gnoll

Illustrated notes

Levels and vault maps discovered:
D:1:      minmay_arrival_four_circles, layout_loops_ring, minmay_distorted
D:2:      layout_basic, basic_altar, dreamdust_ecumenical_altar_statues
D:3:      layout_loops_corners, gammafunk_ghost_necromancy, uniq_jessica
D:4:      gammafunk_wand_slinger, layout_gridville,
          nicolae_ashenzari_panopticon, grunt_gozag_breadcrumbs,
          grunt_ministairs_8

Skill      XL: |  1  2 |
---------------+-------+-----
Dodging        | 1 |  1.6
Armour         | 2 |  2.3
Fighting       | |  3.5
Axes           | |  3.7
Polearms       | |  0.8
Stealth        | |  0.4
Spellcasting   | |  0.7

Action                     |  1- 3 |  4- 6 || total
---------------------------+-------+-------++-------
  Melee: Hand axe          |    65 |    21 ||    86
         Dagger            |    61 |    24 ||    85
    Use: Scroll            |       |     8 ||     8
         Potion            |       |     2 ||     2
   Stab: Sleeping          |     3 |       ||     3
         Distracted        |     1 |       ||     1
         Invisible         |     1 |       ||     1
         Confused          |       |     1 ||     1
 Armour: Leather armour    |    44 |    31 ||    75
  Dodge: Dodged            |    34 |    25 ||    59

Table legend: (Time is in decaauts)
 A = Elapsed time spent in this place.
 B = Non-inter-level travel time spent in this place.
 C = Inter-level travel time spent in this place.
 D = Time resting spent in this place.
 E = Time spent auto-exploring this place.
 F = Levels seen in this place.
 G = Mean time per level.
                   A        B        C        D        E       F      G
               +--------+--------+--------+--------+--------+-----+--------+
         Total |   1775 |   1739 |     36 |     40 |   1322 |   4 |  443.8 |
       Dungeon |   1775 |   1739 |     36 |     40 |   1322 |   4 |  443.8 |
               +--------+--------+--------+--------+--------+-----+--------+

Top non-repeatable levels by time:
     D:2: 757 daAuts
     D:1: 692 daAuts
     D:3: 195 daAuts
     D:4: 130 daAuts
